 Dungeon Crawl Stone Soup version 0.27.1-1-g398f81649c (webtiles) character file.

Game seed: 1330067151668641752

39 acemry the Insei (level 3, 0/23 HPs)
             Began as an Octopode Transmuter on Sept 5, 2021.
             Succumbed to an adder's poison
             ... on level 2 of the Dungeon.
             The game lasted 00:03:54 (1239 turns).

acemry the Insei (Octopode Transmuter)              Turns: 1239, Time: 00:03:55

Health: 0/23       AC:  5    Str:  9    XL:     3   Next: 45%
Magic:  15/15      EV: 13    Int: 16    God:
Gold:   72         SH:  0    Dex: 12    Spells: 2/6 levels left

rFire    . . .     SeeInvis .     - Unarmed
rCold    . . .     Faith    .   (no shield)
rNeg     . . .     Spirit   .   (helmet currently unavailable)
rPois    .         Reflect  .   (no amulet)
rElec    .         Harm     .   a - +4 ring of protection
rCorr    .         Rampage  .   c - ring of magical power
Will     .....                  (no ring)
Stlth    ++........             (no ring)
HPRegen  0.07/turn              (no ring)
MPRegen  0.14/turn              (no ring)
                                (no ring)
                                (no ring)

@: lethally poisoned (0 -> -1), appendages (expiring)
A: tentacle spike 3, almost no armour, amphibious, 8 rings, camouflage 1,
gelatinous body 1, (nimble swimmer 1), tentacles
a: End Transformation


You were on level 2 of the Dungeon.
One of your tentacles had grown a beastly spike.
You visited 1 branch of the dungeon, and saw 2 of its levels.

You collected 72 gold pieces.

Inventory:

Missiles
 e - 17 poisoned darts
Jewellery
 a - a +4 ring of protection (left tentacle)
 b - a ring of fire
 c - a ring of magical power (right tentacle)


   Skills:
 + Level 1.0 Fighting
 + Level 2.6 Dodging
 + Level 3.9 Unarmed Combat
 - Level 2.0 Spellcasting
 * Level 2.1 Transmutations


You had 2 spell levels left.
You knew the following spells:

 Your Spells              Type           Power      Damage    Failure   Level
a - Beastly Appendage     Tmut           16%        N/A       9%          1
b - Spider Form           Tmut/Pois      2%         N/A       36%         3

Your spell library contained the following spells:

 Spells                   Type           Power      Damage    Failure   Level
 Wereblood                Tmut           8%         N/A       13%         2
 Corona                   Hex            1%         N/A       21%         1
 Ensorcelled Hibernation  Hex/Ice        2%         N/A       30%         2
 Tukima's Dance           Hex            1%         N/A       52%         3
 Ice Form                 Ice/Tmut       5%         N/A       78%         4


Dungeon Overview and Level Annotations

Branches:
Dungeon (1/15)

Altars:


Innate Abilities, Weirdness & Mutations

One of your tentacles has grown a beastly spike.
You cannot wear most types of armour.
You are amphibious.
You can wear up to eight rings at the same time.
Your skin changes colour to match your surroundings (Stealth+).
Your rubbery body absorbs attacks. (AC +1, EV +1)
((You are camouflaged near water. (Stealth+)))
You have tentacles for arms and can constrict up to eight enemies at once.


Message History

One of your tentacles grows a vicious spike.
The adder hisses angrily.
You closely miss the adder. Your grab misses the adder. The adder bites you.
You tentacle-slap the adder. Your grab misses the adder.
The adder is moderately wounded.
The adder bites you.
You are poisoned.
The adder poisons you!
You miss the adder. You grab the adder. Your squeeze misses the adder.
The adder is moderately wounded.
You constrict the adder.
You feel sick. The adder barely misses you. The adder bites you.
You are lethally poisoned!
The adder poisons you!
You tentacle-slap the adder.
You pierce the adder.
You kill the adder!
You feel very sick.
There is a lethal amount of poison in your body!
Okay, then.
You aren't carrying any potions.
As you read the scroll labelled OTUUPS MUEF, it crumbles to dust.
It is a scroll of identify.
You don't have any unidentified items.
You feel sick.
* * * LOW HITPOINT WARNING * * *
You feel sick.
* * * LOW HITPOINT WARNING * * *
You feel sick.
* * * LOW HITPOINT WARNING * * *
You feel sick.
Your transformation is almost over.
* * * LOW HITPOINT WARNING * * *
You feel sick.
You see here a scroll labelled ACED FETAS.
d - a scroll labelled ACED FETAS
* * * LOW HITPOINT WARNING * * *
You feel sick.
As you read the scroll labelled ACED FETAS, it crumbles to dust.
You feel aware of your surroundings.
It was a scroll of magic mapping.
You die...

,,............##.##*,###.........
,,,..........†.......* #####.....
,,,,..#........#####.* ###...
,,,,>*#.......## *,* ******###.
******#.......# *,***,,,,,,,*#
####.......# *,**,,******,*
#..........### *,**,** ***,,*
#............####,,,,* *,,,**
#..........#.@..#,,*** **,***,
#.....#########.#,,* *,,,,,,
#...#..,,,,****,#,,* *,,****
#...####**,,,,,,,,******,**
####*********,,,,,,,,,**,*
*,,,,,,,,,,**,,,,,,,,,*,,*****
*,,,,,,,,,,,,,,,,,,,,,,,,,,,,,
***,,,,,,,,,,**,,,,,,,,,,,******
*,,,,,,,,******,,,,,,,,,,,,,,***


There were no monsters in sight!

Vanquished Creatures
  2 adders (D:2)
  An endoplasm (D:1)
  A giant cockroach (D:2)
  A goblin (D:2)
  5 hobgoblins
  A quokka (D:1)
  2 ball pythons (D:1)
  2 bats (D:1)
  4 kobolds (D:1)
  A rat (D:1)
20 creatures vanquished.

Notes
Turn   | Place    | Note
-------+----------+-------------------------------------------
     0 | D:1      | acemry the Octopode Transmuter began the quest for the Orb.
     0 | D:1      | Reached XP level 1. HP: 13/13 MP: 3/3
   641 | D:1      | Reached XP level 2. HP: 18/18 MP: 5/5
  1016 | D:1      | You fall into a shaft and drop 1 floor!
  1055 | D:2      | Reached XP level 3. HP: 15/23 MP: 6/6
  1059 | D:2      | Learned a level 3 spell: Spider Form
  1238 | D:2      | HP: 1/23 [poisoned by an adder]
  1239 | D:2      | Succumbed to an adder's poison

Illustrated notes

Levels and vault maps discovered:
D:1:      lightli_arrival_flooded_house, layout_loops_corners, chequers_avenue,
          patterned_corridor
D:2:      minmay_skewed_foursquare, layout_rooms

Action                   || total
-------------------------++-------
Melee: Unarmed           ||    40
       Kick              ||    10
       Constrict         ||    11
 Cast: Beastly Appendage ||    15
  Use: Scroll            ||     2
 Stab: Sleeping          ||     2
Armor: Skin              ||     5
Dodge: Dodged            ||    18
